AoeStats
← 肖勇杰舔狗

Arena

510937698Analyzed
1v1 RM · 13h ago on Oct 3, 2026· 42m 55s· 2 players
Game mode
Random Map
Map size
Tiny (2 player)
Population
200
Speed
Normal
Resources
Standard
Victory
Conquest
Starting age
Dark Age
Ending age
Imperial Age
RankedLock teamsTeams togetherTeam positionsShared explorationLock speedFull tech treeHidden civsTurbo modeCheats
Victory
Defeat
🇺🇸 Khmer · United States
902
+16
🇨🇳 Tatars · China
903
-45
MIJO EM TI
11:34 Feudal Age
12:53 Wheelbarrow
16:32 Castle Age
15:10 Double-Bit Axe
15:14 Horse Collar
15:25 Town Watch
16:21 Bloodlines
19:57 Hand Cart
19:52 Light Cavalry
25:16 Bow Saw
31:52 Imperial Age
31:16 Ballistics
31:39 Husbandry
32:02 Capped Ram
33:13 Forging
33:10 Scale Barding Armor
34:09 Chemistry
33:15 Siege Engineers
35:01 Elite Battle Elephant
36:26 Iron Casting
36:00 Heavy Scorpion
38:50 Blast Furnace
38:12 Chain Barding Armor
39:47 Siege Ram
42:31 Plate Barding Armor
肖勇杰舔狗
9:43 Feudal Age
12:57 Gold Mining
15:21 Double-Bit Axe
15:36 Horse Collar
20:44 Stone Mining
24:41 Castle Age
23:35 Scale Barding Armor
24:09 Wheelbarrow
25:23 Heavy Plow
26:02 Gold Shaft Mining
25:41 Bow Saw
26:27 Town Watch
27:28 Husbandry
29:27 Hand Cart
29:58 Forging
30:20 Ballistics
31:20 Squires
37:04 Imperial Age
35:46 Fletching
35:59 Padded Archer Armor
37:47 Iron Casting
38:19 Conscription
38:14 Silk Armor
Connection lost

Rejoining the realm…

Still unreachable

The connection could not be restored.

Session expired

The server has moved on; the page needs a fresh start.